Map: Barriera sommersa LE

Players

MissClick

  • Race: Terran Terran
  • League: Platinum
  • Spawn Location: 11:00

Trebo - Winner!

  • Race: Protoss Protoss
  • League: Platinum
  • Spawn Location: 5:00

VOD

Have the link to the VOD?

Description

Time

  • Played on: Jan. 2, 2018, 7:07 a.m.
  • Length: 20:04
Show
View Real Time Build Order
Export as new Build Order

MissClick Terran 

Build Orders:  

Get SALT Encoding   

  12  0:00  SCV  
  13  0:13  SCV  
  14  0:20  Supply Depot  
  14  0:26  SCV  
  15  0:42  SCV  
  16  0:51  Barracks  
  16  0:53  Refinery  
  16  0:54  SCV  
  17  1:06  SCV  
  18  1:18  SCV  
  19  1:30  SCV  
  19  1:32  Barracks  
  20  1:37  Barracks  
  19  1:42  Supply Depot, SCV  
  20  1:51  Barracks Tech Lab  
  20  1:56  Supply Depot  
  20  2:00  SCV  
  21  2:13  Factory  
  21  2:17  Refinery  
  21  2:24  Marine x2  
  21  2:29  Marine  
  24  2:46  Stimpack  
  24  2:48  Marauder  
  24  2:49  Marine x2  
  28  2:55  SCV  
  29  3:04  Factory Tech Lab  
  29  3:08  Marine  
  29  3:09  Marine  
  29  3:10  Marine  
  32  3:23  Siege Tank  
  35  3:30  Orbital Command  
  35  3:42  Marauder  
  35  3:43  Marine x2  
  39  3:52  Supply Depot  
  39  4:04  Barracks Reactor x2  
  39  4:13  Siege Tank  
  33  4:32  Marauder  
  34  4:43  Marine x4  
  38  4:53  Marauder  
  34  5:13  SCV  
  32  5:14  Marine  
  30  5:22  Starport  
  30  5:25  Marine  
  32  5:28  SCV  
  32  5:30  Command Center  
  32  5:40  SCV  
  33  5:43  Marine  
  33  5:44  Marine  
  35  6:04  Liberator  
  35  6:12  Marauder  
  35  6:16  Supply Depot  
  35  6:18  Medivac  
  39  6:23  Marine  
  43  6:36  Siege Tank  
  46  6:46  SCV x2  
  48  6:51  Marine  
  48  6:53  Marine  
  50  7:13  SCV  
  51  7:15  Orbital Command  
  51  7:17  Marine x2  
  53  7:25  SCV  
  53  7:28  Engineering Bay, Barracks Reactor  
  36  8:28  Widow Mine  
  36  8:29  Marine x4, Marauder  
  36  8:30  SCV x2  
  46  8:35  Barracks  
  46  8:36  Barracks  
  46  8:37  Medivac x2  
  50  8:42  SCV  
  50  8:45  Terran Infantry Weapons Level 1  
  50  8:47  Supply Depot, Marine x4  
  55  8:51  Marauder  
  55  8:52  SCV  
  35  9:26  Marine x4, Marauder  
  35  9:37  Orbital Command  
  35  9:43  Marine  
  35  9:44  Marine x3  
  39  9:47  Marauder  
  41  10:01  Marine x2  
  41  10:02  Marine  
  42  10:09  Marauder  
  42  10:11  Marine  
  44  10:19  Marine  
  45  10:21  Marine x2  
  45  10:24  Marine x2  
  49  10:29  Marine  
  49  10:30  Marauder  
  52  10:37  Marine  
  52  10:39  Marine  
  54  10:44  Missile Turret  
  54  10:46  Missile Turret  
  54  10:50  Viking  
  42  12:03  Marine x5  
  42  12:04  Marine x2  
  49  12:13  Siege Tank  
  52  12:16  Medivac x2  
  52  12:21  Marine x6  
  52  12:22  Marauder  
  53  12:39  Marine x2  
  53  12:42  Marine  
  53  12:43  Marine x3  
  53  12:44  Marauder  
  61  13:05  Marauder  
  63  13:07  SCV x2  
  65  13:19  SCV  
  66  13:26  Marauder  
  68  13:32  Marine x4  
  68  13:33  Marine x2  
  66  13:48  Marauder  
  68  13:50  Marine  
  69  14:09  Marauder  
  67  14:27  Marine x5  
  67  14:28  Marine  
  67  14:29  SCV x2  
  67  14:30  Marauder  
  61  14:40  Siege Tank  
  61  14:41  SCV x2  
  61  14:44  Command Center  
  61  14:45  Marine x6  
  69  14:46  Refinery  
  69  14:47  Refinery  
  72  14:53  SCV x2  
  72  14:54  Medivac  
  76  15:05  SCV x2  
  78  15:38  Supply Depot  
  78  15:39  Supply Depot  
  78  15:41  Supply Depot  
  78  15:55  Siege Tank, Marine x3  
  84  15:58  Marine  
  84  16:02  Barracks Reactor  
  85  16:05  Supply Depot  
  85  16:06  Barracks Reactor  
  85  16:07  Supply Depot  
  86  16:12  Marauder  
  86  16:13  Marine  
  86  16:14  Concussive Shells  
  88  16:24  Medivac x2  
  92  16:33  Marauder  
  92  16:36  SCV x2  
  96  16:48  SCV  
  97  17:01  Marine  
  97  17:02  Marine x5  
  97  17:06  Armory  
  95  17:45  Marine x5, Marauder  
  95  17:46  Marine  
  103  18:05  Marine x3  
  106  18:06  Marauder  
  106  18:07  Viking x2  
  110  18:22  Marine x2  
  110  18:23  Marine x2  
  110  18:26  SCV  
  115  18:27  SCV x2  
  117  18:37  Viking  
  117  18:38  SCV  
  120  18:54  Marine x5  
  120  18:55  Marine x2  
  127  19:05  Viking  
  127  19:07  Medivac  
Show
View Real Time Build Order
Export as new Build Order

Trebo Protoss - Winner!

Build Orders:  

Get SALT Encoding   

  12  0:00  Probe  
  13  0:12  Probe  
  14  0:18  Pylon  
  14  0:24  Probe  
  15  0:39  Gateway  
  15  0:46  Probe, Assimilator  
  16  0:58  Probe  
  17  1:06  Assimilator  
  17  1:16  Probe (Chrono Boost)  
  19  1:27  Probe (Chrono Boost)  
  19  1:28  Cybernetics Core  
  19  1:30  Pylon  
  19  1:31  Probe (Chrono Boost)  
  19  1:38  Gateway  
  20  1:45  Assimilator  
  21  1:47  Probe  
  21  1:59  Probe  
  21  2:01  Pylon, Warp Gate (Chrono Boost)  
  22  2:11  Probe (Chrono Boost)  
  22  2:14  Stalker  
  25  2:26  Stalker  
  27  2:34  Gateway  
  27  2:43  Gateway  
  27  2:45  Stalker  
  29  2:56  Stalker  
  31  3:09  Gateway  
  31  3:15  Pylon  
  31  3:19  Stalker  
  33  3:32  Stalker  
  35  3:48  Pylon  
  29  4:26  Adept  
  29  4:27  Adept x3  
  31  4:45  Forge  
  31  5:05  Probe  
  28  5:07  Stalker x2  
  28  5:08  Stalker x2  
  28  5:12  Pylon  
  36  5:15  Robotics Facility  
  32  5:38  Nexus  
  32  5:51  Protoss Ground Weapons Level 1  
  31  5:59  Sentry x2  
  31  6:00  Stalker  
  37  6:12  Immortal  
  41  6:31  Pylon, Sentry x2  
  45  6:32  Zealot  
  47  6:50  Adept  
  49  6:55  Probe x2  
  55  7:01  Immortal  
  55  7:15  Probe x2 (Chrono Boost)  
  57  7:22  Adept  
  59  7:26  Probe x2 (Chrono Boost)  
  59  7:28  Adept  
  63  7:30  Adept  
  63  7:36  Adept  
  67  7:43  Pylon  
  67  7:54  Probe (Chrono Boost)  
  67  7:55  Probe (Chrono Boost)  
  69  8:04  Probe (Chrono Boost)  
  69  8:05  Probe (Chrono Boost)  
  59  8:26  Adept x4  
  61  8:33  Probe x2  
  61  8:34  Immortal (Chrono Boost)  
  67  8:45  Probe x2  
  69  8:53  Gateway  
  69  8:57  Probe x2  
  71  9:05  Warp Prism  
  63  9:18  Probe x2  
  63  9:30  Probe x2  
  63  9:35  Nexus, Assimilator  
  63  9:37  Assimilator  
  63  9:38  Pylon  
  63  9:40  Photon Cannon  
  63  9:44  Photon Cannon  
  63  9:48  Probe x2  
  61  10:04  Immortal (Chrono Boost)  
  61  10:09  Sentry  
  61  10:10  Sentry x3  
  65  10:22  Photon Cannon, Shield Battery  
  65  10:23  Photon Cannon  
  65  10:35  Stalker x3  
  69  10:39  Stalker  
  77  11:02  Probe x3  
  80  11:13  Adept x3  
  80  11:14  Probe x3  
  80  11:16  Immortal  
  80  11:17  Adept  
  91  11:30  Pylon  
  81  11:36  Pylon  
  79  11:46  Probe x2  
  79  11:47  Probe  
  81  11:54  Assimilator  
  80  12:04  Adept x2  
  80  12:05  Adept x3  
  83  12:21  Probe x3  
  85  12:30  Shield Battery  
  85  12:31  Assimilator  
  85  12:33  Probe x3  
  76  12:45  Probe (Chrono Boost)  
  77  12:51  Photon Cannon  
  77  12:52  Pylon  
  77  12:55  Probe (Chrono Boost)  
  77  12:57  Probe (Chrono Boost)  
  77  12:58  Probe (Chrono Boost)  
  82  13:06  Probe x2 (Chrono Boost)  
  82  13:07  Probe (Chrono Boost)  
  82  13:12  Probe (Chrono Boost)  
  84  13:14  Probe (Chrono Boost)  
  84  13:15  Probe (Chrono Boost)  
  86  13:24  Photon Cannon  
  86  13:27  Photon Cannon  
  86  13:30  Photon Cannon  
  86  13:32  Photon Cannon  
  86  13:33  Stalker  
  86  13:34  Stalker x3  
  94  13:43  Robotics Facility  
  94  13:45  Robotics Facility  
  94  13:48  Robotics Bay  
  94  13:52  Photon Cannon  
  94  13:55  Photon Cannon  
  90  14:18  Probe x3  
  91  14:28  Stalker  
  91  14:29  Stalker x4  
  101  14:32  Extended Thermal Lance (Chrono Boost)  
  101  14:35  Protoss Ground Armor Level 1  
  101  14:39  Pylon  
  101  14:44  Pylon  
  101  14:46  Pylon  
  101  14:52  Forge  
  101  14:54  Forge  
  101  14:57  Probe x3  
  101  14:58  Colossus  
  104  15:05  Nexus, Colossus  
  104  15:08  Pylon  
  116  15:40  Twilight Council  
  116  15:43  Protoss Shields Level 1 (Chrono Boost)  
  116  15:48  Colossus (Chrono Boost)  
  122  16:06  Observer (Chrono Boost)  
  123  16:15  Probe (Chrono Boost)  
  123  16:16  Probe (Chrono Boost)  
  123  16:17  Probe x2 (Chrono Boost)  
  136  16:26  Probe (Chrono Boost)  
  136  16:27  Probe x3 (Chrono Boost)  
  137  16:33  Stalker  
  137  16:34  Stalker x3  
  137  16:35  Warp Prism (Chrono Boost)  
  137  16:36  Observer (Chrono Boost)  
  142  16:44  Protoss Ground Weapons Level 2 (Chrono Boost)  
  142  16:45  Protoss Ground Armor Level 2 (Chrono Boost)  
  142  16:50  Colossus (Chrono Boost)  
  144  17:15  Colossus  
  146  18:31  Gateway  
  146  18:38  Gateway  
  146  18:40  Gateway  
  146  18:44  Gateway  
  146  18:46  Gateway  
  146  18:48  Gateway  
  146  18:50  Gateway  
  144  19:05  Pylon  
  144  19:08  Pylon  
  144  19:13  Pylon  
Tags
 
Add a new tag
Caveats
  • Supply blocks, unpowered buildings, or Contaminate may cause inaccurate times.
  • Supply counts are checked every 10 seconds.